Map: Abyssal Reef LE

Players

Winthrowe - Winner!

  • Race: Terran Terran
  • League: Silver
  • Spawn Location: 5:00

A.I. 1 (Hard)

  • Race: Terran Terran
  • Spawn Location: 11:00

VOD

Have the link to the VOD?

Description

Time

  • Played on: Sept. 2, 2017, 3:59 p.m.
  • Length: 13:41
Show
View Real Time Build Order
Export as new Build Order

Winthrowe Terran - Winner!

Build Orders: MMM Bio 

Get SALT Encoding   

  12  0:01  SCV  
  13  0:13  SCV  
  14  0:21  Supply Depot  
  14  0:30  Refinery  
  14  0:31  SCV  
  15  0:45  Barracks  
  15  0:47  SCV  
  16  0:59  SCV  
  17  1:11  SCV  
  18  1:23  SCV, Refinery  
  19  1:33  Supply Depot  
  19  1:35  SCV  
  19  1:36  Marine  
  21  1:48  SCV  
  22  2:00  SCV  
  23  2:04  Factory  
  23  2:07  Barracks Tech Lab  
  23  2:16  SCV  
  24  2:28  Orbital Command  
  24  2:50  Command Center  
  24  2:54  Factory Tech Lab  
  24  2:57  Marine  
  25  3:01  SCV  
  26  3:14  SCV  
  26  3:15  Marine, Starport  
  28  3:21  Barracks  
  28  3:26  Siege Tank  
  31  3:41  SCV  
  32  3:53  SCV  
  33  4:05  SCV  
  33  4:06  Starport Reactor  
  34  4:25  Marine x2  
  34  4:29  Combat Shields  
  36  4:33  Stimpack  
  36  4:41  Factory Tech Lab  
  36  4:47  Medivac x2  
  36  4:50  Marine x2  
  42  5:01  SCV x2  
  44  5:09  Marine x2  
  44  5:13  SCV x2  
  48  5:19  Barracks  
  48  5:25  SCV x2  
  48  5:27  Marine x2  
  52  5:30  Viking  
  52  5:34  Viking  
  52  5:35  Supply Depot  
  54  5:40  Supply Depot  
  51  5:48  Concussive Shells  
  48  5:53  Marine x2  
  49  5:57  Supply Depot  
  49  6:10  Marine  
  49  6:11  Marine  
  49  6:26  Barracks Reactor  
  49  6:28  Marine  
  49  6:29  Marine  
  49  6:32  Siege Tank  
  54  6:41  Supply Depot  
  54  6:46  Marine x2  
  56  6:52  Engineering Bay  
  56  7:04  Marine, Supply Depot  
  57  7:16  Marauder  
  57  7:19  Marine x2  
  57  7:22  Command Center  
  61  7:24  Widow Mine  
  61  7:27  Engineering Bay  
  63  7:54  Cyclone  
  66  8:08  SCV  
  67  8:18  Marauder x2  
  71  8:20  SCV  
  71  8:26  Cyclone  
  75  8:32  SCV  
  76  8:39  Marauder  
  78  8:43  Marauder  
  78  8:44  Marine x2, SCV  
  83  8:53  Viking x2  
  87  8:56  SCV  
  87  9:00  Marine  
  87  9:02  Marine x2  
  91  9:04  Marine  
  83  9:18  Marine  
  83  9:19  Marine  
  83  9:20  Marine  
  83  9:22  Marine  
  83  9:23  Medivac x2  
  87  9:36  Marine  
  87  9:37  Marine x2  
  90  9:40  Marine  
  91  9:47  Terran Infantry Weapons Level 1, Terran Infantry Armor Level 1  
  91  9:53  Marine  
  91  9:55  Marine x2  
  94  10:01  Armory  
  94  10:04  Marine  
  95  10:08  Supply Depot  
  95  10:11  Marine, Medivac x2  
  95  10:13  Marine x2  
  102  10:21  Cyclone  
  100  10:22  Marine  
  100  10:26  Liberator  
  97  10:30  Supply Depot  
  97  10:35  Marine  
  97  10:36  Marine x2  
  97  10:40  Marine  
  104  10:53  Marine x2, Cyclone  
  104  10:54  Marine, Supply Depot  
  104  10:56  Refinery  
  110  10:58  Marine, Refinery  
  110  11:02  SCV x2  
  113  11:11  Marine  
  114  11:12  Command Center  
  114  11:14  SCV x2  
  114  11:17  Supply Depot  
  115  11:25  Liberator, Cyclone  
  118  11:26  SCV x2  
  117  11:34  Marine x2  
  117  11:35  Marine x2  
  117  11:38  Viking  
  124  11:51  Liberator  
  124  11:52  Marine x3  
  124  11:53  Marine  
  128  11:57  Cyclone  
  134  12:21  Supply Depot  
  134  12:23  Marine x4  
  138  12:35  Orbital Command  
  137  12:41  Marine x2, Marauder x2  
  137  12:44  Supply Depot  
  143  13:03  Marauder x2  
  147  13:08  Supply Depot  
  147  13:09  Marine  
  147  13:11  Marine  
Show
View Real Time Build Order
Export as new Build Order

A.I. 1 (Hard) Terran 

Build Orders: MMM Bio 

Get SALT Encoding   

  12  0:00  SCV  
  13  0:13  SCV  
  14  0:18  Supply Depot  
  14  0:25  SCV  
  15  0:40  SCV  
  16  0:43  Barracks  
  16  0:49  Refinery  
  16  0:52  SCV  
  17  1:04  SCV  
  18  1:16  SCV  
  19  1:20  Supply Depot  
  19  1:28  SCV  
  19  1:32  Marine  
  21  1:40  Orbital Command, Barracks  
  21  1:48  Refinery  
  21  1:51  Barracks Tech Lab  
  21  2:07  Supply Depot  
  21  2:09  Marine  
  22  2:27  Marine x2  
  24  2:41  Supply Depot  
  24  2:45  Marine x2  
  26  2:55  SCV  
  27  3:03  Marine, Marauder  
  30  3:06  Engineering Bay  
  30  3:07  SCV  
  31  3:19  SCV  
  32  3:25  Marauder  
  32  3:27  Supply Depot  
  34  3:31  SCV  
  35  3:43  SCV  
  35  3:46  Marauder  
  38  3:55  SCV  
  39  4:07  Marauder  
  41  4:29  Marauder  
  43  4:53  Barracks Tech Lab  
  43  4:54  Marine, Stimpack  
  43  4:55  Factory  
  43  4:58  Factory  
  44  5:00  Supply Depot  
  44  5:04  Command Center  
  44  5:11  Combat Shields  
  44  5:22  Terran Infantry Weapons Level 1  
  44  5:32  Marine  
  41  5:40  Marine, Factory Tech Lab  
  41  5:41  Factory Tech Lab  
  39  5:42  Starport  
  39  5:44  Starport  
  39  5:49  Marine  
  40  5:57  Marine  
  40  6:01  Missile Turret  
  41  6:07  Marine, Missile Turret  
  42  6:15  Marine  
  42  6:16  SCV  
  42  6:18  SCV  
  43  6:19  Siege Tank  
  43  6:24  Starport Tech Lab x2, Refinery  
  46  6:27  Refinery, Widow Mine  
  46  6:28  SCV  
  46  6:30  SCV, Concussive Shells  
  50  6:35  Marine  
  51  6:40  SCV  
  51  6:42  Bunker, SCV  
  53  6:49  Raven  
  53  6:51  Missile Turret  
  53  6:52  Siege Tank  
  53  6:53  SCV  
  59  6:54  SCV  
  59  6:55  Widow Mine  
  62  7:01  Missile Turret  
  62  7:05  SCV  
  62  7:06  SCV  
  64  7:10  Raven  
  66  7:17  Terran Infantry Armor Level 1, SCV  
  66  7:18  SCV  
  66  7:21  Bunker  
  68  7:26  Sensor Tower  
  68  7:29  SCV  
  69  7:30  SCV  
  69  7:32  Armory  
  70  7:37  Supply Depot  
  70  7:41  SCV  
  70  7:43  SCV  
  72  7:51  Barracks  
  72  7:53  SCV  
  72  7:55  SCV  
  74  8:05  SCV  
  75  8:07  SCV  
  75  8:10  Supply Depot  
  76  8:17  SCV  
  76  8:19  SCV  
  78  8:29  SCV  
  78  8:31  SCV  
  80  8:38  Barracks Reactor  
  80  9:00  Medivac x2, Hellion  
  80  9:02  Supply Depot  
  86  9:05  Siege Tank  
  89  9:10  Command Center  
  89  9:14  Marine  
  80  9:20  Marine  
  69  9:26  Marine  
  69  9:29  Raven  
  69  9:30  Medivac  
  74  9:32  Marine  
  74  9:33  Supply Depot  
  74  9:37  Marine  
  75  9:43  Marine  
  76  9:49  Marine  
  77  9:55  Marine  
  77  9:57  Supply Depot  
  78  10:00  Terran Infantry Weapons Level 2  
  78  10:01  Siege Tank  
  78  10:06  Siege Tank  
  84  10:22  SCV  
  84  10:24  Marine, SCV  
  84  10:25  SCV  
  75  10:28  Engineering Bay  
  75  10:29  Marine  
  75  10:34  SCV  
  75  10:35  Marine  
  78  10:36  SCV  
  78  10:37  Refinery  
  78  10:39  Missile Turret  
  78  10:41  Marine  
  78  10:42  SCV  
  81  10:46  SCV  
  81  10:47  Siege Tank, Terran Vehicle Weapons Level 1  
  81  10:48  Missile Turret, SCV  
  81  10:49  Refinery  
  86  10:52  Marine  
  86  10:54  SCV  
  88  10:58  Marine, SCV  
  88  11:00  SCV  
  88  11:04  Marine  
  91  11:06  SCV  
  91  11:09  Marine  
  91  11:10  SCV  
  95  11:16  Raven, Hellion  
  94  11:20  Bunker  
  94  11:21  Siege Tank  
  94  11:23  Fusion Core  
  84  11:27  Marine  
  84  11:31  Viking  
  70  11:35  Marauder  
  70  11:39  Marauder  
  72  11:42  Hellion  
  65  11:47  Marine  
  65  11:54  Hellion  
  56  11:56  Marauder  
  56  11:59  Raven  
  45  12:02  Viking  
  45  12:04  Hellion  
  45  12:08  Marine  
  43  12:14  Marine  
  29  12:19  Marine  
  21  12:26  Siege Tank  
  20  12:31  Siege Tank  
  19  12:48  SCV  
  15  12:55  Marine  
  15  13:00  SCV  
  12  13:12  SCV  
Tags
 
Composition
MMM BioMMM Bio
League
Silver
Matchup
TvT
Race
Terran
Spawn Locations
Cross Positions
Add a new tag
Caveats
  • Supply blocks, unpowered buildings, or Contaminate may cause inaccurate times.
  • Supply counts are checked every 10 seconds.